 Dungeon Crawl Stone Soup version 0.19-a0-231-gae044c8 (webtiles) character file.

100 oplop the Sneak (level 4, 0/21 HPs)
             Began as a Spriggan Enchanter on May 24, 2016.
             Succumbed to an adder's poison
             ... on level 2 of the Dungeon.
             The game lasted 00:05:16 (1618 turns).

oplop the Sneak (Spriggan Enchanter)                Turns: 1618, Time: 00:05:16

Health: 0/21       AC:  3    Str:  3 (4)  XL:     4   Next: 46%
Magic:  3/10       EV: 19    Int: 15 (16) God:
Gold:   36         SH:  0    Dex: 16 (17) Spells: 2 memorised, 7 levels left

rFire  + . .     SeeInvis +     a - +1 dagger
rCold  + . .     Gourm    .     b - +1 robe
rNeg   . . .     Faith    .     (shield restricted)
rPois  +         Spirit   .     (helmet restricted)
rElec  +         Dismiss  .     (no cloak)
rCorr  +         Reflect  .     (gloves unavailable)
SustAt .         Harm     .     (boots unavailable)
MR     .....                    (no amulet)
Stlth  +++.......               (no ring)
                                (no ring)

@: lethally poisoned (0 -> -4), resistant, flying, very quick, not resistant to
hostile enchantments, fairly stealthy
A: unfitting armour, see invisible, herbivore 3, speed 3, slow metabolism 2
a: no special abilities


You were on level 2 of the Dungeon.
You were not hungry.

You visited 1 branch of the dungeon, and saw 2 of its levels.

You collected 36 gold pieces.

Inventory:

Hand Weapons
 a - a +1 dagger (weapon)
Armour
 b - a +1 robe (worn)
 h - a +0 buckler
Scrolls
 e - a scroll of enchant weapon {unknown}
 i - a scroll of teleportation
 k - a scroll of fear {unknown}
 m - 2 scrolls of random uselessness {unknown}
 n - a scroll of recharging {unknown}
Potions
 o - a potion of resistance
Books
 c - a book of Maledictions

   Spells                             Type                      Level
   a - Corona                         Hexes                        1
   b - Ensorcelled Hibernation        Hexes/Ice                    2
   c - Confuse                        Hexes                        3
   d - Tukima's Dance                 Hexes                        3
   e - Dazzling Spray                 Conjuration/Hexes            3
Comestibles
 d - a bread ration
 l - 2 fruits


   Skills:
 - Level 1.1 Short Blades
 + Level 4.0 Dodging
 + Level 5.4 Stealth
 + Level 3.9 Spellcasting
 + Level 4.5 Hexes


You had 7 spell levels left.
You knew the following spells:

 Your Spells              Type           Power        Failure   Level  Hunger
a - Corona                Hex            ###....      2%          1    None
b - Ensorcelled Hibernat  Hex/Ice        #.....       12%         2    ##.....


Dungeon Overview and Level Annotations

Branches:
Dungeon (2/15)

Altars:
Gozag
Makhleb
Xom

Annotations:
D:2 Terence


Innate Abilities, Weirdness & Mutations

You are tiny and cannot use many weapons and most armour.
You have supernaturally acute eyesight. (SInv)
You are a herbivore.
You cover ground extremely quickly.
You need consume almost no food.


Message History

It was a potion of resistance.
You feel protected. The jackal closely misses you.
Terence shouts, "Get ready for death!"
Terence hits you with an enchanted mace.
* * * LOW HITPOINT WARNING * * *
Drink which item? (? for menu, Esc to quit)
It was a potion of flight.
You feel very buoyant.
You fly up into the air.
The jackal completely misses you. Terence says, "How do you enjoy it?"
Terence hits you with an enchanted mace.
* * * LOW HITPOINT WARNING * * *
The jackal barely misses you.
You hit Terence but do no damage.
Your surroundings suddenly seem different.
* * * LOW HITPOINT WARNING * * *
You feel sick.
There is a lethal amount of poison in your body!
You die...

.## .#
#.....#.#..#.......#
#.#####.....#.#.†#.#######
#.....'.....#.#....####
#######.....#.........#
+.....+.........#
#.....#.........#
#.#####.........#
##.#####.........#
#.....@..##+######
#..#####.# #........# #.#
#.######## #####.#
###........ ....#.#
#......#### ###.#.#
#.####.# #.#.# #.# .#
#.#.# #.# #


There were no monsters in sight!

Vanquished Creatures
  Jessica (D:2)
  A gnoll (D:1)
  2 adders (D:2)
  2 worms (D:2)
  A giant gecko (D:1)
  A ball python (D:1)
  2 giant cockroaches
  6 hobgoblins
  2 jackals (D:2)
  6 bats
  A giant newt (D:1)
  6 goblins
  7 kobolds
  5 rats
43 creatures vanquished.

Notes
Turn   | Place    | Note
--------------------------------------------------------------
     0 | D:1      | oplop the Spriggan Enchanter began the quest for the Orb.
     0 | D:1      | Reached XP level 1. HP: 9/9 MP: 5/5
   154 | D:1      | Reached XP level 2. HP: 6/13 MP: 4/6
   449 | D:1      | Learned a level 2 spell: Ensorcelled Hibernation
   854 | D:1      | Reached XP level 3. HP: 6/16 MP: 0/8
  1272 | D:2      | Found a shimmering altar of Xom.
  1286 | D:2      | Noticed Terence
  1314 | D:2      | Found an opulent altar of Gozag.
  1343 | D:2      | Noticed Jessica
  1358 | D:2      | Killed Jessica
  1358 | D:2      | Reached skill level 5 in Stealth
  1358 | D:2      | Reached XP level 4. HP: 21/21 MP: 8/10
  1439 | D:2      | Found a burning altar of Makhleb.
  1614 | D:2      | HP: 1/21 [poisoned by an adder]
  1618 | D:2      | Succumbed to an adder's poison

Vault maps used:
D:1:      sevenhm_arrival_forest_fort_large_4, minmay_liquid_box
D:2:      nicolae_overflow_crystal_walls, lemuel_doored_altar,
          overflow_temple_1_default, uniq_jessica, uniq_terence

Skill      XL: |  1  2  3 |
---------------+----------+-----
Spellcasting   | 3 |  3.9
Hexes          | 4 |  4.5
Dodging        | 4 |  4.0
Stealth        | 5 |  5.4
Short Blades   | |  1.1

Action                   |  1- 3 |  4- 6 || total
-------------------------+-------+-------++-------
Melee: Dagger            |    85 |    42 ||   127
 Cast: Corona            |    15 |     1 ||    16
       Ensorcelled Hiber |     9 |     9 ||    18
  Use: Potion            |       |     3 ||     3
       Scroll            |       |     2 ||     2
 Stab: Sleeping          |    13 |     8 ||    21
Armor: Robe              |    10 |     6 ||    16
Dodge: Dodged            |    83 |    39 ||   122
